 Dungeon Crawl Stone Soup version 0.17.1-3-g152610e (webtiles) character file.

43 jacquesderrida the Grave Robber (level 3, 0/29 HPs)
             Began as a Demonspawn Necromancer on Apr 11, 2016.
             Slain by an adder (3 damage)
             ... on level 3 of the Dungeon.
             The game lasted 00:03:59 (713 turns).

jacquesderrida the Grave Robber (DsNe)               Turns: 713, Time: 00:03:59

Health: 0/29       AC:  2    Str:  9    XL:     3   Next: 37%
Magic:  4/6        EV: 12    Int: 16    God:
Gold:   73         SH:  0    Dex: 13    Spells: 3 memorised, 1 level left

rFire  . . .     SeeInvis .     e - +2 whip (venom)
rCold  . . .     Clarity  .     a - +0 robe
rNeg   . . .     SustAt   .     (no shield)
rPois  .         Gourm    .     (helmet restricted)
rElec  .         Spirit   .     (no cloak)
rCorr  .         Warding  .     (no gloves)
rMut   .         Stasis   .     (no boots)
MR     .....                    (no amulet)
Stlth  ++........               (no ring)
                                (no ring)

@: not resistant to hostile enchantments, unstealthy
A: horns 1
a: no special abilities


You were on level 3 of the Dungeon.
You were not hungry.

You visited 1 branch of the dungeon, and saw 3 of its levels.

You collected 73 gold pieces.

Inventory:

Hand Weapons
 e - a +2 whip of venom (weapon)
Armour
 a - a +0 robe (worn)
Scrolls
 f - a scroll of identify
 g - a scroll of magic mapping
 i - a scroll of amnesia {unknown}
Books
 b - a book of Necromancy

   Spells                             Type                      Level
   a - Pain                           Necromancy                   1
   b - Animate Skeleton               Necromancy                   1
   c - Vampiric Draining              Necromancy                   3
   d - Regeneration                   Charms/Necromancy            3
   e - Animate Dead                   Necromancy                   4
   f - Control Undead                 Necromancy                   4
Comestibles
 c - a bread ration
 h - a chunk of flesh


   Skills:
 + Level 3.0 Fighting
 + Level 0.1 Maces & Flails
 - Level 1.7 Dodging
 - Level 1.7 Stealth
 - Level 2.0 Spellcasting
 - Level 4.3 Necromancy


You had one spell level left.
You knew the following spells:

 Your Spells              Type           Power        Failure   Level  Hunger
a - Pain                  Necr           ###.         4%          1    #......
b - Animate Skeleton      Necr           N/A          4%          1    #......
r - Regeneration          Chrm/Necr      #.........   28%         3    ###....


Dungeon Overview and Level Annotations

Branches:
Dungeon (3/15)

Altars:


Innate Abilities, Weirdness & Mutations

You have a pair of small horns on your head.


Message History

The giant cockroach closely misses you.
The giant cockroach bites you but does no damage.
You closely miss the giant cockroach. The giant cockroach bites you.
* * * LOW HITPOINT WARNING * * *
The giant cockroach closely misses you.
You barely miss the giant cockroach. The giant cockroach barely misses you.
You barely miss the giant cockroach.
The giant cockroach bites you but does no damage.
You closely miss the giant cockroach.
The giant cockroach bites you but does no damage. x2
The giant cockroach misses you.
You hit the giant cockroach.
The giant cockroach is poisoned.
The giant cockroach is heavily wounded.
You kill the giant cockroach!
Some of the chunks of flesh in your inventory have rotted away.
An adder comes into view.
Your magical contamination has completely faded away.
The adder misses you.
You open the door. The adder bites you.
You die...

#.(........## ..
#...........##..#
#.....>..........
##.....(.<....!..#
####.....####).$.....
#<.##...##.>#........
#.).#...#...#........
##..#..S#'.##........
#####....@####........
#.....................
#(.....♣..............
#.....................
#####.....#####..
##.'#...#..# .
#...#...#...#
#<.##...##.>#
####....# ###


You could see an adder.

Vanquished Creatures
  Ijyb (D:2)
  A ball python (D:2)
  2 giant cockroaches
  4 kobolds
  A quokka (D:3)
  2 bats (D:1)
  A giant gecko skeleton (D:3)
  2 giant newts
  3 goblins
  A rat (D:2)
18 creatures vanquished.

Notes
Turn   | Place    | Note
--------------------------------------------------------------
     0 | D:1      | jacquesderrida the Demonspawn Necromancer began the quest for the Orb.
     0 | D:1      | Reached XP level 1. HP: 13/13 MP: 3/3
   117 | D:1      | Reached skill level 1 in Fighting
   165 | D:1      | Learned a level 1 spell: Animate Skeleton
   396 | D:2      | Gained mutation: You have a pair of small horns on your head. [demonic ancestry]
   396 | D:2      | Reached XP level 2. HP: 12/21 MP: 1/5
   477 | D:2      | Noticed Ijyb
   519 | D:2      | Killed Ijyb
   519 | D:2      | Reached XP level 3. HP: 2/28 MP: 6/6
   646 | D:3      | Learned a level 3 spell: Regeneration
   691 | D:3      | HP: 1/29 [giant cockroach (2)]
   713 | D:3      | Slain by an adder

Action                   || total
-------------------------++-------
Melee: Dagger            ||    15
       Whip              ||    42
 Cast: Pain              ||    13
       Animate Skeleton  ||     1
       Regeneration      ||     1
  Use: Potion            ||     1
       Scroll            ||     3
 Stab: Distracted        ||     2
       Sleeping          ||     1
